 Dungeon Crawl Stone Soup version 0.23-a0-356-g1757c6e (webtiles) character file.

44 KristoblXynda the Cudgeler (level 3, 0/32 HPs)
             Began as a Naga Gladiator on Oct 21, 2018.
             Succumbed to a goblin's poison
             ... on level 1 of the Dungeon.
             The game lasted 00:02:35 (1354 turns).

KristoblXynda the Cudgeler (Naga Gladiator)         Turns: 1354, Time: 00:02:36

Health: 0/32       AC:  3    Str: 16    XL:     3   Next: 62%
Magic:  3/3        EV: 10    Int:  9    God:
Gold:   46         SH:  0    Dex: 12    Spells: 2/2 levels left

rFire    . . .     SeeInvis +   h - +1 dagger (venom)
rCold    . . .     Gourm    .   (no shield)
rNeg     . . .     Faith    .   b - +0 leather armour
rPois    +         Spirit   .   c - +0 helmet
rElec    .         Reflect  .   (no cloak)
rCorr    .         Harm     .   (no gloves)
MR       .....                  (no barding)
Stlth    +.........             (no amulet)
HPRegen  0.10/turn              (no ring)
MPRegen  0.08/turn              (no ring)

@: lethally poisoned (0 -> -14), very slightly contaminated, very slow
A: large, see invisible, deformed body, poison resistance, slowness 2, slow
metabolism 1, spit poison 1, AC +1
a: Spit Poison


You were on level 1 of the Dungeon.
You were not hungry.

You visited 1 branch of the dungeon, and saw 2 of its levels.

You collected 46 gold pieces.

Inventory:

Hand Weapons
 a - a +0 flail
 h - a +1 dagger of venom (weapon)
Missiles
 d - 3 throwing nets (quivered)
Armour
 b - a +0 leather armour (worn)
 c - a +0 helmet (worn)
Jewellery
 e - an uncursed amulet of rage {unknown}
Scrolls
 i - a scroll of identify {unknown}
 j - a scroll of remove curse {unknown}


   Skills:
 - Level 2.0 Fighting
 + Level 3.5 Maces & Flails
 - Level 2.4 Throwing
 + Level 0.1 Armour
 + Level 2.9 Dodging


You had 2 spell levels left.
You didn't know any spells.
Your spell library was empty.

Dungeon Overview and Level Annotations

Branches:
Dungeon (2/15)

Altars:

Annotations:
D:2 Robin


Innate Abilities, Weirdness & Mutations

You cannot wear boots.
Your serpentine skin is tough. (AC +1)
You have supernaturally acute eyesight. (SInv)
Armour fits poorly on your strangely shaped body.
Your system is resistant to poisons. (rPois)
You cover ground very slowly.
You have a slow metabolism.
You can spit poison.


Message History

Unknown command.
You aren't carrying any potions.
Blink to where?
Press: ? - help, Dir - move target cursor You are very lightly contaminated with residual magic.
As you read the scroll labeled DONLISMO GEMA, it crumbles to dust.
It was a scroll of blinking.
* * * LOW HITPOINT WARNING * * *
You feel sick.
* * * LOW HITPOINT WARNING * * *
You feel sick.
You climb upwards.
* * * LOW HITPOINT WARNING * * *
You feel sick.
There is a stone staircase leading down here.
You eat the ration.
That ration really hit the spot!
* * * LOW HITPOINT WARNING * * *
You feel sick.
Unknown command.
You die...

#..........................#
####.##...#########...........#
..........##########.##..######
.##...............##.###..#######
.##..#.##.#######.##.###.........
.##......................##.#####
.#####.#....#......#..#####.##...
.# #.#....#.###..#...# #.##..⌠ .#
#.#.=.#.#.#@#.#.#.# #.##... .#
#.#...............# #)##..8 .#
#.#...#.#.#.#.#.### #.##...
.#####.#..#...........# #.##..⌠
.......#...#.#.#.#.#.######.##...
#########.#..............##.#####
#.........#.#.#.#.#.###.##'####.
#.######.#...........##.##...##.
#.#.......#.#.#.#.#.###.##.<.##.


There were no monsters in sight!

Vanquished Creatures
  3 dart slugs (D:1)
  4 bats
  2 giant cockroaches (D:1)
  4 goblins
  10 hobgoblins
  3 frilled lizards (D:1)
  4 kobolds (D:1)
  4 rats (D:1)
34 creatures vanquished.

Notes
Turn   | Place    | Note
-------+----------+-------------------------------------------
     0 | D:1      | KristoblXynda the Naga Gladiator began the quest for the
                  | Orb.
     0 | D:1      | Reached XP level 1. HP: 19/19 MP: 1/1
   330 | D:1      | Reached XP level 2. HP: 26/26 MP: 2/2
   694 | D:1      | Reached XP level 3. HP: 27/32 MP: 3/3
  1338 | D:2      | Noticed Robin
  1353 | D:1      | HP: 1/32 [poisoned by a goblin]
  1354 | D:1      | Succumbed to a goblin's poison

Vault maps used:
D:1:      dpeg_arrival_simpleton_b, st_stairs_10
D:2:      first_ration, uniq_robin

Skill      XL: |  1 |
---------------+----+-----
Throwing       | 2 |  2.4
Fighting       | |  2.0
Maces & Flails | |  3.5
Armour         | |  0.1
Dodging        | |  2.9

Action                   || total
-------------------------++-------
Melee: Flail             ||    25
       Dagger            ||    57
 Abil: Spit Poison       ||     7
  Use: Scroll            ||     1
  Eat: Ration            ||     1
       Chunk             ||     1
Armor: Leather armour    ||    22
Dodge: Dodged            ||    50

Table legend:
 A = Non-vault XP
 B = Vault XP
 C = Vault XP percentage of total XP
 D = Non-vault monster count
 E = Vault monster count
 F = Vault count percentage of total count
                 A         B        C        D         E       F
            +---------+---------+-------+---------+---------+-------
      Total |      53 |      11 |  17.2 |      28 |       6 |  17.6
            +---------+---------+-------+---------+---------+-------
        D:1 |      49 |       5 |   9.3 |      26 |       3 |  10.3
        D:2 |       4 |       6 |  60.0 |       2 |       3 |  60.0
            +---------+---------+-------+---------+---------+-------
